 Dungeon Crawl Stone Soup version 0.30.0-29-ga12c61a403 (webtiles) character file.

Game seed: 15142990565340337296

218328 bmack86 the Slayer (level 18, -16/185 HPs)
             Began as a Minotaur Fighter on June 14, 2023.
             Was an Initiate of Gozag.
             Killed from afar by Nikola (51 damage)
             ... with a bolt of lightning
             ... on level 1 of the Shoals on June 15, 2023.
             The game lasted 01:30:47 (27033 turns).

bmack86 the Slayer (Minotaur Fighter)              Turns: 27033, Time: 01:30:48

Health: -16/185    AC: 42    Str: 31    XL:     18   Next: 41%
Magic:  17/17      EV:  6    Int:  5    God:    Gozag
Gold:   4241       SH: 27    Dex:  9    Spells: 17/17 levels left

rFire   + . .        c - +8 broad axe (freeze)
rCold   + . .        a - +5 tower shield of the Holding Gods {Rampage rN+ Will+ Str+3}
rNeg    + . .        L - +3 gold dragon scales
rPois   +            V - +2 hat
rElec   .            y - +2 cloak
rCorr   .            k - +2 pair of gloves
SInv    +            t - +2 pair of boots {rampage}
Will    ++...        S - amulet of reflection Stlth
                     g - +4 ring of protection
HPRegen 0.50/turn    G - ring of see invisible
MPRegen 0.15/turn

%: reflection, rampage
@: no status effects
A: horns 2, retaliatory headbutt, dopey 1, devolution 1
}: 1/15 runes: gossamer
a: Renounce Religion, Potion Petition, Call Merchant, Bribe Branch


You were on level 1 of the Shoals.
You worshipped Gozag.
Gozag was most pleased with you.
You visited 6 branches of the dungeon, and saw 28 of its levels.
You also visited: Sewer and Ossuary.

You collected 10364 gold pieces.
You spent 2469 gold pieces at shops.
You paid 3654 gold pieces to Gozag.

Inventory:

Hand Weapons
 c - a +8 broad axe of freezing (weapon)
 Z - a +3 war axe
Missiles
 l - 7 javelins
 q - 29 boomerangs
 E - 2 throwing nets
 Y - 9 silver boomerangs
Armour
 a - the +5 tower shield of the Holding Gods (worn) {Rampage rN+ Will+ Str+3}
   (You bought it in a shop on level 3 of the Lair of Beasts)

   Str:       It affects your strength (+3).
   rN:        It protects you from negative energy.
   Rampage:   It bestows one free step when moving towards enemies.
   Will:      It increases your willpower.
 k - a +2 pair of gloves (worn)
 t - a +2 pair of boots of rampaging (worn)
 y - a +2 cloak (worn)
 L - +3 gold dragon scales (worn)
 V - a +2 hat (worn)
Jewellery
 b - a ring of willpower
 e - a +5 ring of evasion
 f - an amulet of regeneration
 g - a +4 ring of protection (left hand)
 p - a ring of protection from fire
 G - a ring of see invisible (right hand)
 I - a ring of protection from cold
 N - a ring of protection from fire
 S - an amulet of reflection (around neck)
 T - a +4 ring of protection
 X - a ring of protection from cold
Wands
 s - a wand of roots (27)
 w - a wand of flame (8)
 B - a wand of acid (8)
 M - a wand of digging (5)
 O - a wand of mindburst (1) (quivered)
Scrolls
 h - 5 scrolls of fear
 C - 5 scrolls of blinking
 D - 9 scrolls of fog
 H - 3 scrolls of silence
 P - 2 scrolls of poison
 Q - 5 scrolls of teleportation
 W - 2 scrolls of magic mapping
Potions
 d - 3 potions of might
 i - 5 potions of heal wounds
 m - 6 potions of cancellation
 n - 6 potions of flight
 o - 7 potions of lignification
 r - 5 potions of haste
 u - a potion of resistance
 x - 2 potions of magic
 z - 4 potions of invisibility
 F - 2 potions of curing
 K - 4 potions of ambrosia
 R - 7 potions of mutation
 U - a potion of berserk rage


   Skills:
 + Level 22.5 Fighting
 - Level 18.0 Axes
 - Level 10.0 Throwing
 + Level 18.9 Armour
 - Level 15.0 Shields
 - Level 6.2 Evocations


You had 17 spell levels left.
You didn't know any spells.
Your spell library contained the following spells:

 Spells                   Type           Power      Damage    Failure   Level
 Foxfire                  Conj/Fire      0%         2x1d4     100%        1
 Freeze                   Ice            0%         1d3       100%        1
 Magic Dart               Conj           0%         1d3       100%        1
 Shock                    Conj/Air       0%         1d3       100%        1
 Slow                     Hex            0%         N/A       100%        1
 Sting                    Tmut/Pois      0%         1d3       100%        1
 Summon Small Mammal      Summ           0%         N/A       100%        1
 Blink                    Tloc           0%         N/A       100%        2
 Call Imp                 Summ           0%         N/A       100%        2
 Ensorcelled Hibernation  Hex/Ice        0%         N/A       100%        2
 Lesser Beckoning         Tloc           0%         N/A       100%        2
 Momentum Strike          Conj/Tloc      0%         3d8       100%        2
 Poisonous Vapours        Pois/Air       0%         N/A       100%        2
 Scorch                   Fire           0%         2d5       100%        2
 Call Canine Familiar     Summ           0%         N/A       100%        3
 Confusing Touch          Hex            0%         N/A       100%        3
 Frozen Ramparts          Ice            0%         1d1       100%        3
 Gell's Gravitas          Tloc           0%         N/A       100%        3
 Hailstorm                Conj/Ice       0%         3d3       100%        3
 Mephitic Cloud           Conj/Pois/Air  0%         N/A       100%        3
 Ozocubu's Armour         Ice            0%         N/A       100%        3
 Portal Projectile        Hex/Tloc       0%         N/A       100%        3
 Spider Form              Tmut/Pois      0%         N/A       100%        3
 Summon Guardian Golem    Hex/Summ       0%         N/A       100%        3
 Swiftness                Air            0%         N/A       100%        3
 Teleport Other           Tloc           0%         N/A       100%        3
 Tukima's Dance           Hex            0%         N/A       100%        3
 Vampiric Draining        Necr           0%         2d6       100%        3
 Airstrike                Air            0%         2d(0-16)  100%        4
 Anguish                  Hex/Necr       0%         N/A       100%        4
 Flame Wave               Conj/Fire      0%         2d4       100%        4
 Olgreb's Toxic Radiance  Pois           0%         N/A       100%        4
 Blade Hands              Tmut           0%         N/A       100%        5
 Fireball                 Conj/Fire      0%         3d3       100%        5
 Metabolic Englaciation   Hex/Ice        0%         N/A       100%        5
 Dispersal                Tloc           0%         N/A       100%        6
 Plasma Beam              Fire/Air       0%         2x1d11    100%        6
 Starburst                Conj/Fire      0%         6d3       100%        6
 Summon Cactus Giant      Summ           0%         N/A       100%        6
 Borgnjor's Revivificati  Necr           0%         N/A       100%        8
 Necromutation            Tmut/Necr      0%         N/A       100%        8
 Death's Door             Necr           0%         N/A       100%        9
 Simulacrum               Ice/Necr       Unusable   N/A       N/A         6

Dungeon Overview and Level Annotations

Branches:
Dungeon (15/15)            Temple (1/1) D:6            Lair (5/5) D:9
 Shoals (1/4) Lair:3       Spider (4/4) Lair:2        Slime (0/5) Lair:4
    Orc (2/2) D:9             Elf (0/3) Orc:2        Vaults (0/5) D:14
 Depths (0/4) D:15          Sewer (visited)         Ossuary (visited)

Altars:
Ashenzari
Cheibriados
Dithmenos
Elyvilon
Fedhas
Gozag
Hepliaklqana
Kikubaaqudgha
Makhleb
Nemelex Xobeh
Okawaru
Qazlal
Ru
Sif Muna
Trog
Uskayaw
Vehumet
Wu Jian
Xom
Yredelemnul
Zin
The Shining One
Jiyva

Shops:
D:2 (!(!!   D:5 [   D:10 !   Orc:1 *   Orc:2 ([::   Lair:3 **   Shoals:1 *(

Annotations:
D:7 3 runed translucent doors, Whoops's ghost, novice DsFi
Shoals:1 Nikola


Innate Abilities, Weirdness & Mutations

You have a pair of horns on your head.
You reflexively headbutt those who attack you in melee.
You are dopey. (Int -2)
You have hidden genetic defects.


Message History

You slash Nikola! You freeze Nikola. Your headbutt misses Nikola.
Nikola is severely wounded.
A nearby plant withers and dies.
Nikola drinks a potion.
Nikola is healed!
You closely miss Nikola.
Nikola is severely wounded.
You closely miss Nikola. You headbutt Nikola!
Nikola is severely wounded.
Nikola hits you but does no damage.
You closely miss Nikola. Your headbutt misses Nikola.
Nikola is severely wounded.
Nikola hits you but does no damage.
You are electrocuted!
You closely miss Nikola. You headbutt Nikola!
Nikola is severely wounded.
Nikola hits you but does no damage.
A skyshark comes into view.
You slash Nikola! You freeze Nikola. You headbutt Nikola!
Nikola is almost dead.
Nikola gestures wildly while chanting.
Nikola blinks!
You rampage towards Nikola!
A manticore and a skyshark come into view.
A wind drake comes into view.
The wind drake hisses angrily.
Nikola gestures at you while chanting. The bolt of lightning hits you!!!
* * * LOW HITPOINT WARNING * * *
Aiming: Mindburst
Press: ? - help, Q - select action, (/) - cycle Shift-Dir - straight line, f - Nikola
Aim: Nikola, wielding a +3 rapier of electrocution, wearing a +0 cloak and wearing a +0 pair of gloves (almost dead, chance to affect: 10%) Nikola resists with almost no effort.
You rampage towards Nikola!
The skyshark attacks as you move away! You block the skyshark's attack. x2
The skyshark tail-slaps you but does no damage.
A faun comes into view. It is wielding a +0 quarterstaff.
The wind drake flaps its wings at you. The air twists around and strikes you.
Nikola gestures at you while chanting. The bolt of lightning hits you!!!
You die...
Your body crumbles into a pile of gold.

.##....~~~~~~~~......~.
....PPP~~PPP....[.......
....~~P~P.?.....PP......
~.P..##P.#.......∩P.....
~~PP.#####......PP...~..
~~P~..P #...........~~~
~~~~~~.# #......l...~~~~
~~~~~~P# #P....)....~.~~
~≈~~~~.P #.P.P.l@Hk~~...
≈≈≈~~~~ #..P.P....~~...
≈≈≈≈~~ ~..P......@~~~~~
≈≈≈≈≈ ~~~.........~~~~~
≈≈≈≈ ~~.........~.~~~~
≈≈ ~~.###..##.~~~~~~ ~.
#.. ~~~~~~~ ..# .~~c~~~


You could see Nikola, 2 skysharks, a wind drake (repels missiles), a faun and a
manticore.

Vanquished Creatures
  Arachne (Spider:2)
  Mlioglotl (Shoals:1)
  Frances (Shoals:1)
  2 emperor scorpions
  2 orc warlords
  3 ghost moths
  4 broodmothers
  3 spark wasps
  10 slime creatures
  2 fire dragons (Lair:5)
  Josephine (Spider:1)
  3 entropy weavers
  A great orb of eyes (D:15)
  Erolcha (D:11)
  8 radroaches
  8 centaur warriors
  6 hydras
  2 rakshasas
  6 jorogumos
  A merfolk avatar (Shoals:1)
  2 merfolk aquamancers (Shoals:1)
  2 dancing weapons (D:14)
  10 boulder beetles
  3 two-headed ogres
  4 death yaks (Lair:5)
  A tengu warrior (D:14)
  An orc high priest (Orc:2)
  2 skysharks
  2 sun moths
  3 skeletal warriors (D:15)
  12 pharaoh ants
  2 sea snakes (Shoals:1)
  9 orb spiders
  A wizard (D:15)
  4 lindwurms
  A swamp dragon (Lair:5)
  15 steelbarb worms
  4 harpies (Shoals:1)
  30 wolf spiders
  An orc sorcerer (Orc:2)
  An orc knight (Orc:1)
  A mana viper (shapeshifter) (D:15)
  3 deep elf pyromancers
  13 ugly things
  4 manticores
  3 moths of wrath
  6 cyclopes
  21 elephants
  A water nymph (Shoals:1)
  A merfolk siren (Lair:3)
  Joseph (D:9)
  7 demonic crawlers
  12 torpor snails
  5 black mambas
  A gargoyle (D:13)
  7 cane toads
  2 unseen horrors
  Maggie (D:9)
  11 komodo dragons
  3 rime drakes
  A komodo dragon (shapeshifter) (D:15)
  A tengu conjurer (D:14)
  A merfolk (Shoals:1)
  3 trolls
  3 polar bears
  38 tarantellas
  7 meliai
  A wind drake (Shoals:1)
  3 tyrant leeches (Lair:5)
  A hornet (shapeshifter) (D:14)
  8 hornets
  21 blink frogs
  2 snapping turtles (Shoals:1)
  Grinder (Sewer)
  5 dream sheep (Lair:3)
  Sigmund (D:4)
  46 jumping spiders
  3 wyverns
  31 culicivoras
  3 wraiths (Spider:1)
  25 yaks
  Eustachio (D:6)
  A steam dragon (D:8)
  3 vampire mosquitoes (D:14)
  7 basilisks
  Menkaure (D:6)
  59 redbacks
  5 wargs
  4 acid dragons
  Duvessa (D:4)
  9 water moccasins
  29 orc warriors
  4 ice beasts
  4 swamp drakes (Lair:5)
  12 ogres
  4 wolves (Lair:2)
  30 centaurs
  3 phantoms
  Blork the orc (D:6)
  4 kobold brigands
  2 elf zombies (Ossuary)
  13 bullfrogs
  2 gnoll sergeants (D:9)
  2 scorpions
  8 wights
  Dowan (D:4)
  11 killer bees
  5 howler monkeys
  2 electric eels
  A centaur zombie (Ossuary)
  A gnoll bouda (D:7)
  16 orc priests
  3 hounds
  A jelly (D:5)
  A human zombie (Ossuary)
  31 orc wizards
  Terence (D:2)
  5 iguanas (Lair:5)
  Natasha (thrice) (D:4)
  2 mummies (Ossuary)
  Robin (D:2)
  9 gnolls
  3 adders
  2 shadow imps
  3 white imps
  3 ufetubi (Sewer)
  3 adder zombies
  5 worms
  114 orcs
  4 ball pythons
  A bat zombie (Sewer)
  7 endoplasms
  9 giant cockroaches
  18 goblins
  7 hobgoblins
  4 jackals
  26 kobolds
  6 quokkas
  9 bats
  A frilled lizard (D:2)
  A giant cockroach zombie (Sewer)
  2 goblin zombies (Ossuary)
  10 hobgoblin zombies (Ossuary)
  12 kobold zombies
  7 orc zombies (Ossuary)
  8 rats
  2 rat zombies (Ossuary)
  A spectral orc (D:7)
1055 creatures vanquished.

Vanquished Creatures (others)
  2 merfolk aquamancers (Shoals:1)
  A radroach (Spider:3)
  A tarantella (Spider:4)
  A basilisk (Lair:5)
  A redback (Spider:1)
6 creatures vanquished.

Grand Total: 1061 creatures vanquished

Notes
Turn   | Place    | Note
-------+----------+-------------------------------------------
     0 | D:1      | bmack86 the Minotaur Fighter began the quest for the Orb.
     0 | D:1      | Reached XP level 1. HP: 19/19 MP: 0/0
   135 | D:1      | Reached XP level 2. HP: 26/26 MP: 1/1
   655 | D:1      | Reached XP level 3. HP: 31/31 MP: 2/2
   908 | D:2      | Found Dialikhle's Distillery.
   923 | D:2      | Bought a potion of degeneration for 13 gold pieces
   933 | D:2      | Found Doodwock's Distillery.
   990 | D:2      | Found Kemiwuveda's Distillery.
  1009 | D:2      | Found Pytunga's Antique Weapon Emporium.
  1031 | D:2      | Noticed a +0 demon blade
  1033 | D:2      | Found Lefei's Weapon Shoppe.
  1036 | D:2      | Noticed a +0 triple sword
  1097 | D:2      | Reached skill level 5 in Axes
  1109 | D:2      | Found a faded altar of an unknown god.
  1116 | D:2      | Noticed Robin
  1130 | D:2      | Killed Robin
  1131 | D:2      | Reached XP level 4. HP: 30/39 MP: 3/3
  1384 | D:2      | Noticed Terence
  1389 | D:2      | Killed Terence
  1462 | D:2      | You fall into a shaft and drop 1 floor!
  2037 | D:3      | Found an ancient bone altar of Kikubaaqudgha.
  2415 | D:4      | Found a glowing golden altar of the Shining One.
  2460 | D:4      | Noticed a scorpion
  2470 | D:4      | Killed a scorpion
  2471 | D:4      | Reached XP level 5. HP: 45/45 MP: 4/4
  2490 | D:4      | Found a sand-covered staircase.
  2532 | Ossuary  | Entered an ossuary
  2671 | Ossuary  | Reached XP level 6. HP: 51/51 MP: 5/5
  3063 | D:4      | Noticed Natasha
  3070 | D:4      | Killed Natasha
  3071 | D:4      | Noticed Dowan
  3072 | D:4      | Noticed Duvessa
  3077 | D:4      | Killed Dowan
  3078 | D:4      | Reached XP level 7. HP: 57/57 MP: 6/6
  3085 | D:4      | Killed Duvessa
  3378 | D:4      | Found a bloodstained altar of Trog.
  3379 | D:4      | Found a shimmering altar of Xom.
  3379 | D:4      | Found a white marble altar of Elyvilon.
  3379 | D:4      | Noticed Sigmund
  3387 | D:4      | Killed Sigmund
  3388 | D:4      | Reached skill level 10 in Axes
  3639 | D:4      | Noticed Natasha
  3643 | D:4      | Killed Natasha
  3651 | D:4      | Noticed Natasha
  3659 | D:4      | Killed Natasha
  3734 | D:5      | Entered Level 5 of the Dungeon
  3846 | D:5      | Reached XP level 8. HP: 60/64 MP: 7/7
  4006 | D:5      | Found Ykhlaes's Armour Shoppe.
  4241 | D:6      | Found a staircase to the Ecumenical Temple.
  4251 | Temple   | Entered the Ecumenical Temple
  4335 | Temple   | Became a worshipper of Gozag Ym Sagoz the Greedy
  4473 | D:6      | Noticed Eustachio
  4487 | D:6      | Killed Eustachio
  4495 | D:6      | Noticed Blork the orc
  4515 | D:6      | Killed Blork the orc
  4781 | D:6      | Found a stormy altar of Qazlal.
  4793 | D:6      | Noticed Menkaure
  4798 | D:6      | HP: 1/64 [Menkaure (16)]
  4802 | D:6      | Killed Menkaure
  4889 | D:6      | Found a glowing drain.
  4893 | Sewer    | Entered a sewer
  5045 | Sewer    | Reached XP level 9. HP: 65/70 MP: 8/8
  5055 | Sewer    | Found an ancient bone altar of Kikubaaqudgha.
  5120 | Sewer    | Noticed Grinder
  5124 | Sewer    | Paralysed by Grinder for 3 turns
  5141 | Sewer    | Killed Grinder
  5142 | Sewer    | Reached skill level 4 in Fighting
  5379 | D:6      | Found a sparkling altar of Nemelex Xobeh.
  5730 | D:7      | Reached skill level 5 in Fighting
  5950 | D:7      | Reached skill level 6 in Fighting
  5966 | D:7      | Reached skill level 5 in Armour
  5966 | D:7      | Reached skill level 5 in Shields
  6015 | D:7      | Found a basalt altar of Yredelemnul.
  6065 | D:7      | Identified the +0 ring mail of the Dungeon {-Tele Fly
                  | rCorr}
  6248 | D:7      | Reached skill level 11 in Fighting
  6248 | D:7      | Reached XP level 10. HP: 77/95 MP: 9/9
  6393 | D:7      | Found a runed translucent gate.
  6395 | D:7      | Found a runed translucent gate.
  6396 | D:7      | Found a runed translucent gate.
  6398 | D:7      | Noticed Whoops's ghost (novice DsFi)
  6744 | D:8      | Identified the +7 chain mail "Icreh" {Rampage Dex-5 Slay+5
                  | SInv}
  7156 | D:9      | Noticed Joseph
  7165 | D:9      | Killed Joseph
  7166 | D:9      | Reached XP level 11. HP: 83/104 MP: 10/10
  7272 | D:9      | Found a staircase to the Lair.
  7368 | D:9      | Found a staircase to the Orcish Mines.
  7375 | D:9      | Reached skill level 12 in Fighting
  7718 | D:10     | Entered Level 10 of the Dungeon
  7860 | D:9      | Noticed Maggie
  7865 | D:9      | Killed Maggie
  8181 | D:5      | Bought +0 gold dragon scales for 1120 gold pieces
  8586 | D:10     | Reached skill level 13 in Fighting
  8819 | D:10     | Found Jieshrol's Distillery.
  9163 | D:11     | Noticed a two-headed ogre
  9166 | D:11     | Killed a two-headed ogre
  9227 | D:11     | Noticed Erolcha
  9234 | D:11     | Killed Erolcha
  9264 | D:11     | Noticed a two-headed ogre
  9271 | D:11     | Killed a two-headed ogre
  9767 | D:12     | Noticed a deep elf pyromancer
  9775 | D:12     | Killed a deep elf pyromancer
  9867 | D:12     | Reached XP level 12. HP: 81/116 MP: 11/11
 10040 | D:12     | Noticed a boulder beetle
 10051 | D:12     | Killed a boulder beetle
 10052 | D:12     | Reached skill level 14 in Fighting
 10123 | D:12     | Noticed a two-headed ogre
 10130 | D:12     | Killed a two-headed ogre
 10435 | D:13     | Noticed a centaur warrior
 10440 | D:13     | Noticed a centaur warrior
 10441 | D:13     | Killed a centaur warrior
 10451 | D:13     | Noticed a centaur warrior
 10452 | D:13     | Killed a centaur warrior
 10453 | D:13     | Reached skill level 10 in Shields
 10457 | D:13     | Reached skill level 10 in Armour
 10466 | D:13     | Killed a centaur warrior
 10617 | D:13     | Reached skill level 15 in Fighting
 10617 | D:13     | Reached XP level 13. HP: 128/128 MP: 12/12
 10618 | D:13     | Reached skill level 16 in Fighting
 10618 | D:13     | Reached XP level 14. HP: 138/138 MP: 13/13
 11381 | D:14     | Reached skill level 17 in Fighting
 11704 | D:14     | Found a gate to the Vaults.
 12246 | D:15     | Entered Level 15 of the Dungeon
 12309 | D:15     | Reached XP level 15. HP: 100/147 MP: 14/14
 12615 | D:15     | Found a staircase to the Depths.
 13391 | D:15     | Reached skill level 18 in Fighting
 13629 | Lair:1   | Entered Level 1 of the Lair of Beasts
 13721 | Lair:1   | Reached skill level 1 in Throwing
 13921 | Lair:1   | Reached skill level 1 in Evocations
 14425 | Lair:2   | Found a hole to the Spider Nest.
 15589 | Lair:3   | Found a staircase to the Shoals.
 16579 | Lair:4   | Found a viscous altar of Jiyva.
 16579 | Lair:4   | Found a staircase to the Slime Pits.
 16744 | Lair:5   | Entered Level 5 of the Lair of Beasts
 16782 | Lair:5   | Reached skill level 5 in Throwing
 17073 | Lair:5   | Reached skill level 19 in Fighting
 17137 | Lair:5   | Reached skill level 5 in Evocations
 17137 | Lair:5   | Reached XP level 16. HP: 118/160 MP: 15/15
 17583 | Lair:5   | Found a runed translucent door.
 17850 | Lair:5   | Paralysed by a hornet for 3 turns
 18984 | Orc:1    | Entered Level 1 of the Orcish Mines
 19227 | Orc:1    | Found Taipan's Overcharged Wands.
 19541 | Orc:2    | Entered Level 2 of the Orcish Mines
 19823 | Orc:2    | Found a staircase to the Elven Halls.
 20029 | Orc:2    | Found Zokhlouk's Book Boutique.
 20159 | Orc:2    | Found Hahocam's Antique Armour Emporium.
 20163 | Orc:2    | Found Coejamyn's Antique Weapon Shoppe.
 20164 | Orc:2    | Bought a pair of glowing boots for 210 gold pieces
 20750 | Orc:2    | Found Jyedeopn's Book Emporium.
 20949 | Spider:1 | Entered Level 1 of the Spider Nest
 20964 | Spider:1 | Reached skill level 15 in Armour
 21954 | Spider:1 | Noticed Josephine
 21967 | Spider:1 | Killed Josephine
 22141 | Spider:2 | Reached skill level 20 in Fighting
 22428 | Spider:2 | Reached XP level 17. HP: 155/170 MP: 16/16
 22698 | Spider:2 | Paralysed by a jorogumo for 1 turns
 23113 | Spider:2 | Reached skill level 15 in Shields
 23600 | Spider:2 | Noticed Arachne
 23628 | Spider:2 | Killed Arachne
 24297 | Spider:3 | Reached skill level 21 in Fighting
 24297 | Spider:3 | Reached skill level 10 in Throwing
 24757 | Spider:4 | Entered Level 4 of the Spider Nest
 25106 | Spider:4 | Reached XP level 18. HP: 56/183 MP: 17/17
 25107 | Spider:4 | Gained mutation: You have hidden genetic defects.
                  | [mutagenic glow]
 25843 | Spider:4 | Reached skill level 22 in Fighting
 26407 | Spider:4 | Identified the +2 hat of Ziojumat {*Corrode rC+ Int+3
                  | Dex+3}
 26416 | Spider:4 | Got a gossamer rune of Zot
 26621 | Lair:3   | Bought a scroll of enchant armour for 90 gold pieces
 26621 | Lair:3   | Bought a scroll of enchant weapon for 90 gold pieces
 26626 | Lair:3   | Bought the +5 tower shield of the Holding Gods {Rampage rN+
                  | Will+ Str+3} for 946 gold pieces
 26685 | Shoals:1 | Entered Level 1 of the Shoals
 26695 | Shoals:1 | Gained mutation: You are dopey. (Int -2) [hidden defects]
 26705 | Shoals:1 | Noticed Frances
 26714 | Shoals:1 | Killed Frances
 26910 | Shoals:1 | Found Innykuw's Assorted Antiques.
 26931 | Shoals:1 | Noticed Mlioglotl
 26941 | Shoals:1 | Killed Mlioglotl
 27017 | Shoals:1 | Noticed Nikola
 27020 | Shoals:1 | Found Elul Mar's Antique Weapon Boutique.
 27033 | Shoals:1 | Killed from afar by Nikola

Illustrated notes

Levels and vault maps discovered:
D:1:      dpeg_arrival_boxorama, layout_loops_ring
D:2:      layout_loops_cross, ebering_ecumenical_altar_petrified, serial_shops,
          nicolae_shop_mannequins, nicolae_shop_window_shopping, shop,
          nicolae_shop_competitors_out_of_business,
          nicolae_shop_industrial_runoff, uniq_terence, uniq_robin
D:3:      layout_basic, general_overflow_altar, serial_forest,
          infiniplex_forest_clump_tiny, infiniplex_forest_lined_1,
          infiniplex_forest_straight_2, infiniplex_forest_end_2,
          infiniplex_forest_lined_2, infiniplex_forest_side_room,
          infiniplex_forest_corner_1, infiniplex_forest_clump_double,
          infiniplex_forest_end_2, infiniplex_forest_clump_medium,
          serial_bayou_pond_b, minmay_misc_feat_hallway,
          chequers_serial_rivers_large_a, nrook_campfire,
          grunt_decor_one_mirror, minivault_26
D:4:      layout_basic, mainiacjoe_overflow_alcove_2,
          chequers_temple_overflow_statue_of_worship,
          lightli_ossuary_entry_decrepit_ruins, uniq_natasha, uniq_sigmund,
          uniq_duvessa
D:5:      layout_basic, serial_shops, nicolae_shop_trees
D:6:      layout_basic, grunt_qazlal_clouds, lemuel_tele_altar,
          minmay_temple_entry_purple_smoke, gup_sewer_entry_spiral,
          uniq_eustachio, uniq_blork_the_orc, uniq_menkaure
D:7:      layout_loops_cross, yredelemnul_forgotten_temple_becter,
          gammafunk_ghost_necromancy
D:8:      layout_loops_cross
D:9:      layout_small_grid, dpeg_oklobed_lair,
          kennysheep_orc_monster_closet_entryway, centaur_isle, uniq_joseph,
          uniq_maggie
D:10:     layout_gridville, serial_shops, nicolae_shop_real_fake_doors
D:11:     layout_loops_ring, uniq_erolcha
D:12:     layout_basic
D:13:     layout_rooms
D:14:     layout_basic, erik_vaults_1
D:15:     gammafunk_enter_depths_forms, layout_basic, dk_noncrumbling_4,
          serial_corexii_hall, chequers_hall_statues_wall_a,
          corexii_hall_statues_l, corexii_hall_statues_i,
          corexii_hall_statues_l, gauntlet_entry_generic
Temple:   nicolae_temple_great_sept
Lair:1:   layout_cave_shapes, minivault_19, nicolae_lair_lindhole,
          grunt_megastairs_5
Lair:2:   layout_big_grid, dummy_spider_entry, serial_bayou_shore_a,
          serial_bayou_shore_b
Lair:3:   layout_small_grid, elwin_shoals_entry_rooms, nzn_sisyphean_effort
Lair:4:   layout_loops_ring, dpeg_slime_entry_enclosed,
          infiniplex_staircase_pool_2, grunt_megastairs_4, lemuel_fruit_fields
Lair:5:   wormcave, layout_loops_ring, guppyfry_lair_end_dragon
Shoals:1: layout_shoals, serial_shops, nicolae_shop_overgrown_old_shop, shop,
          shop, nicolae_shoals_aquamancer_cove, uniq_frances, uniq_nikola,
          uniq_mlioglotl
Spider:1: layout_spider_delve, uniq_josephine
Spider:2: nicolae_spider_obnoxious_hallway, nicolae_arachne_temple
Spider:3: layout_spider_delve
Spider:4: hellmonk_spider_rune_bug_friends
Orc:1:    layout_diamond_mine, nicolae_shop_overcharged_wands
Orc:2:    grunt_orc_community_town_hall, layout_caves,
          grunt_orc_community_big_house_1, grunt_orc_community_big_house_1,
          grunt_orc_community_house_2, grunt_orc_community_house_3,
          grunt_orc_community_house_2, grunt_orc_community_house_2,
          grunt_orc_community_house_2, grunt_orc_community_house_1

Skill      XL: |  1  2  3  4  5  6  7  8  9 10 11 12 13 14 15 16 17 18 |
---------------+-------------------------------------------------------+-----
Axes           | 3 4 5 6 7 9 11 14 16 17 18 | 18.0
Fighting       | 11 13 15 16 17 19 20 21 22 | 22.5
Armour         | 5 6 8 10 11 14 15 17 18 | 18.9
Shields        | 5 6 9 10 12 14 15 | 15.0
Throwing       | 5 8 10 | 10.0
Evocations     | 5 6 |  6.2

Action                     |  1- 3 |  4- 6 |  7- 9 | 10-12 | 13-15 | 16-18 || total
---------------------------+-------+-------+-------+-------+-------+-------++-------
  Melee: War axe           |    80 |   172 |   285 |   231 |   431 |   164 ||  1363
         Headbutt          |    10 |    22 |    47 |    49 |   118 |   272 ||   518
         Broad axe         |       |       |       |       |       |  1016 ||  1016
  Throw: Dart              |       |       |     3 |       |    10 |     3 ||    16
 Invoke: Potion Petition   |       |       |       |       |       |     5 ||     5
         Call Merchant     |       |       |       |       |       |     2 ||     2
  Evoke: Wand              |       |       |       |       |       |     9 ||     9
    Use: Scroll            |       |     6 |    10 |    12 |     4 |    13 ||    45
         Potion            |       |     1 |     2 |     2 |     2 |     8 ||    15
   Stab: Distracted        |       |       |       |     2 |     3 |    10 ||    15
         Invisible         |       |       |       |       |       |     9 ||     9
 Armour: Scale mail        |     8 |       |       |       |       |       ||     8
         Chain mail        |    12 |       |       |   268 |   381 |   173 ||   834
         Plate armour      |    35 |    89 |   139 |     5 |       |       ||   268
         Gold dragon scale |       |       |       |       |       |   682 ||   682
  Dodge: Dodged            |    28 |    43 |    61 |   154 |   186 |   219 ||   691
  Block: Buckler           |    21 |    35 |    44 |    75 |   265 |   115 ||   555
         Reflection        |       |       |       |       |     5 |    14 ||    19
         Tower shield      |       |       |       |       |       |  1200 ||  1200
